 Dungeon Crawl Stone Soup version 0.15-a0-2130-g28e4b74 (webtiles) character file.

392 KaKa the Poker (level 6, -1/47 HPs)
             Began as a Demonspawn Abyssal Knight on July 17, 2014.
             Was a Priest of Lugonu.
             Killed from afar by Sigmund (11 damage)
             ... with a wand of flame
             ... on Level 4 of the Dungeon.
             The game lasted 00:12:51 (2952 turns).

KaKa the Poker (Demonspawn Abyssal Knight)          Turns: 2952, Time: 00:12:51

HP  -1/47        AC  7     Str 15      XL: 6   Next: 50%
MP   8/8         EV  9     Int 13      God: Lugonu [***...]
Gold 131         SH  0     Dex 12      Spells:  0 memorised,  5 levels left

rFire  . . .     SeeInvis .     a - +1 spear
rCold  . . .     Clarity  .     k - +0 ring mail (curse)
rNeg   . . .     rCorr    .     (no shield)
rPois  .         rRot     +     (no helmet)
rElec  .         Spirit   .     y - +0 cloak
SustAb .         Warding  .     (no gloves)
rMut   .         Stasis   .     (no boots)
Gourm  .                        z - amulet of faith
MR     .....                    (no ring)
                                (no ring)

@: not resistant to hostile enchantments, extremely unstealthy
A: hooves 2, icy blue scales 1, powered by death 1, rot immunity
a: Depart the Abyss, Bend Space, Banish, Renounce Religion


You were on level 4 of the Dungeon.
You worshipped Lugonu.
Lugonu was most pleased with you.
You were not hungry.

You visited 1 branch of the dungeon, and saw 4 of its levels.
You visited the Abyss 1 time.

You collected 131 gold pieces.

Inventory:

Hand weapons
 a - a +1 spear (weapon)
Missiles
 f - 5 bolts of penetration
 n - 5 tomahawks
 p - 21 arrows
 q - 6 javelins (quivered)
Armour
 k - a cursed +0 ring mail (worn)
 y - a +0 cloak (worn)
 A - a +0 ring mail of fire resistance
Comestibles
 c - 2 bread rations
 g - 4 meat rations
 j - a chunk of hound flesh
 m - a slice of pizza
 t - 2 beef jerkies
Scrolls
 b - 2 scrolls of recharging {unknown}
 d - 2 scrolls of enchant weapon {unknown}
 e - 2 scrolls of teleportation {unknown}
 h - 3 scrolls of remove curse {unknown}
 i - a scroll of identify
 o - a scroll of random uselessness {unknown}
 s - a scroll of magic mapping {unknown}
 v - a scroll of immolation {unknown}
 B - a scroll of enchant armour {unknown}
 D - a scroll of fear {unknown}
Jewellery
 z - an amulet of faith (around neck)
Potions
 r - a potion of heal wounds
 u - a potion of poison {unknown}
 w - a potion of invisibility {unknown}
 x - a potion of curing {unknown}
 C - a potion of berserk rage {unknown}


   Skills:
 - Level 3.0 Fighting
 + Level 6.4 Polearms
 - Level 1.7 Armour
 - Level 0.8 Dodging
 - Level 2.4 Invocations


You had 5 spell levels left.
You didn't know any spells.

Dungeon Overview and Level Annotations

Branches:
Dungeon (4/15)
 Temple: D:4-7

Altars:
Ashenzari
Cheibriados
Elyvilon
Makhleb
Nemelex Xobeh
Qazlal

Annotations:
D:4 Sigmund


Innate Abilities, Weirdness & Mutations

You have hoof-like feet.
You are partially covered in icy blue scales (AC +1).
You can steal the life force of nearby defeated enemies.
You are immune to rotting.


Message History

Something hits you.
You barely miss something. Your kick misses something.
You hit something but do no damage.
You hear some strange, mumbled words.
The magic dart hits you!
You barely miss something. You kick something. You miss something.
Your kick misses something.
You hear some strange, mumbled words.
The puff of flame hits you!
You miss something. You kick something.
You hear a zap.
The puff of flame hits you!
* * * LOW HITPOINT WARNING * * *
You hit something but do no damage. Something hits you.
* * * LOW HITPOINT WARNING * * *
You miss something. Your kick misses something. You barely miss something.
You hear a zap.
The puff of flame hits you!
You die...

#### . ...## #
#.#...#.######.#....
#.#...#.##..........
# .......
#@###.#.... .
#...####.# .##
#........#
..#######...###..##
..#...............#
......(...........#
...(..............#
...######...####.##
...# #..... ..#


There were no monsters in sight!

Vanquished Creatures
  Grinder (D:3)
  A hound (D:4)
  Terence (D:3)
  3 gnolls (D:2)
  3 adders
  A worm (D:2)
  2 giant geckos (D:1)
  4 bats
  3 giant cockroaches (D:3)
  11 goblins
  5 hobgoblins
  4 jackals (D:2)
  A quokka (D:3)
  2 ball pythons
  6 giant newts
  10 kobolds
  5 rats
63 creatures vanquished.

Notes
Turn   | Place    | Note
--------------------------------------------------------------
     0 | Abyss:1  | KaKa, the Demonspawn Abyssal Knight, began the quest for the Orb.
     0 | Abyss:1  | Reached XP level 1. HP: 18/18 MP: 1/1
     0 | D:1      | Escaped the Abyss
   268 | D:1      | Acquired Lugonu's first power
   344 | D:1      | Gained mutation: You have large cloven feet. [demonic ancestry]
   344 | D:1      | Reached XP level 2. HP: 20/24 MP: 2/2
  1108 | D:2      | Gained mutation: You have hoof-like feet. [demonic ancestry]
  1108 | D:2      | Reached XP level 3. HP: 6/29 MP: 4/4
  1370 | D:2      | Found a burning altar of Makhleb.
  1370 | D:2      | Noticed a blizzard demon
  1689 | D:2      | Gained mutation: You can steal the life force of nearby defeated enemies. [demonic ancestry]
  1689 | D:2      | Reached XP level 4. HP: 26/35 MP: 5/5
  1859 | D:2      | Reached skill level 4 in Polearms
  2197 | D:3      | Acquired Lugonu's second power
  2288 | D:3      | Found a white marble altar of Elyvilon.
  2294 | D:3      | Found a stormy altar of Qazlal.
  2297 | D:3      | Found a sparkling altar of Nemelex Xobeh.
  2435 | D:3      | Found a shattered altar of Ashenzari.
  2436 | D:3      | Noticed Terence
  2468 | D:3      | Killed Terence
  2535 | D:3      | Noticed Grinder
  2544 | D:3      | Paralysed by Grinder for 3 turns
  2550 | D:3      | Paralysed by Grinder for 3 turns
  2597 | D:3      | Paralysed by Grinder for 6 turns
  2608 | D:3      | Killed Grinder
  2608 | D:3      | Reached skill level 6 in Polearms
  2608 | D:3      | Gained mutation: You are partially covered in icy blue scales (AC +1). [demonic ancestry]
  2608 | D:3      | Reached XP level 5. HP: 35/41 MP: 6/6
  2608 | D:3      | Gained mutation: You are immune to rotting. [demonic ancestry]
  2608 | D:3      | Reached XP level 6. HP: 40/47 MP: 8/8
  2661 | D:3      | Acquired Lugonu's third power
  2674 | D:3      | Found a snail-covered altar of Cheibriados.
  2929 | D:4      | Noticed Sigmund
  2952 | D:4      | Killed from afar by Sigmund

Action                   |  1- 3 |  4- 6 || total
-------------------------+-------+-------++-------
Melee: Spear             |    84 |   136 ||   220
Throw: Javelin           |     7 |     9 ||    16
Invok: Depart the Abyss  |     1 |       ||     1
  Use: Scroll            |       |     2 ||     2
       Potion            |       |     1 ||     1
  Eat: Chunk             |     3 |     4 ||     7
